 Dungeon Crawl Stone Soup version 0.31.0-12-g77e489cdc1 (webtiles) character file.

Game seed: 1447811335024776609

1 Gadfly the Caller (level 1, -2/10 HPs)
             Began as a Tengu Summoner on Feb 23, 2024.
             Slain by a quokka (3 damage)
             ... on level 1 of the Dungeon.
             The game lasted 00:00:16 (18 turns).

Gadfly the Caller (Tengu Summoner)                    Turns: 18, Time: 00:00:16

Health: -2/10      AC:  2    Str:  8    XL:     1   Next: 20%
Magic:  2/4        EV: 12    Int: 15    God:
Gold:   0          SH:  0    Dex: 14    Spells: 3/4 levels left

rFire   . . .        (no weapon)
rCold   . . .        (no shield)
rNeg    . . .        a - +0 robe
rPois   .            (helmet restricted)
rElec   .            (no cloak)
rCorr   .            (no gloves)
SInv    .            (boots unavailable)
Will    .....        (no amulet)
Stlth   ++           (no ring)
HPRegen 0.21/turn    (no ring)
MPRegen 0.09/turn

%: acrobat
@: no status effects
A: beak, talons 3, acrobatic
a: no special abilities


You were on level 1 of the Dungeon.
You visited 1 branch of the dungeon, and saw 1 of its levels.

Inventory:

Armour
 a - a +0 robe (worn)
Potions
 b - a potion of magic


   Skills:
 + Level 2.2 Dodging
 + Level 2.0 Stealth
 + Level 2.0 Spellcasting
 + Level 4.8 Summonings


You had 3 spell levels left.
You knew the following spells:

 Your Spells              Type           Power      Damage    Failure   Level
a - Summon Small Mammal   Summ           64%        N/A       3%          1

Your spell library contained the following spells:

 Spells                   Type           Power      Damage    Failure   Level
 Call Imp                 Summ           32%        N/A       4%          2
 Call Canine Familiar     Summ           16%        N/A       9%          3
 Summon Blazeheart Golem  Fire/Summ      8%         N/A       63%         4
 Summon Lightning Spire   Summ/Air       8%         N/A       63%         4


Dungeon Overview and Level Annotations

Branches:
Dungeon (1/15)

Altars:


Innate Abilities, Weirdness & Mutations

You have a beak for a mouth.
You have claws for feet.
You can magically evade attacks while moving or waiting.


Message History

The hobgoblin is lightly wounded.
Your rat closely misses the hobgoblin.
The hobgoblin closely misses you.
You hit the hobgoblin. You claw the hobgoblin.
The hobgoblin is severely wounded.
Your rat bites the hobgoblin.
The hobgoblin dies!
Unknown command.
You hit the quokka but do no damage. Your kick misses the quokka.
The quokka twitches its whiskers.
The quokka misses you.
Your rat completely misses the quokka.
A rat comes into view.
Unknown command.
You closely miss the quokka. You claw the quokka.
The quokka is heavily wounded.
The quokka twitches its whiskers.
The quokka bites you.
Ouch! That really hurt!
Your rat bites the quokka.
You are too injured to fight recklessly!
You are too injured to fight recklessly!
You are too injured to fight recklessly!
Unknown command.
You are too injured to fight recklessly!
Casting: Summon Small Mammal (safe; 3% risk of failure)
Confirm with . or Enter, or press ? or * to list all spells.
The quokka completely misses you. The quokka bites you.
* * * LOW HITPOINT WARNING * * *
Your rat misses the quokka. The quokka closely misses you. x2
Unknown command.
Unknown command.
The quokka attacks as it pursues you! The quokka misses you.
The quokka barely misses your rat.
Your rat misses the quokka. The quokka bites your rat.
Your rat dies!
Your rat's corpse disappears in a puff of smoke!
Your quokka barely misses the quokka.
The quokka attacks as it pursues you! The quokka closely misses you.
You closely miss the quokka. Your kick misses the quokka.
Your quokka barely misses the quokka.
The quokka bites you.
You die...

### ..# #.# #.# #.#
# #.# ! #+##.#####.#
...
........[.@####.....
###.##'##.rrr.r....
#...#..§.......
#.<.#..§.......
#...#..........
#####..........
...........
.##......... #.
....######


You could see 2 quokkas, a rat and a friendly quokka (summoned).

Vanquished Creatures (collateral kills)
  A hobgoblin (D:1)
1 creature vanquished.

Notes
Turn   | Place    | Note
-------+----------+-------------------------------------------
     0 | D:1      | Gadfly the Tengu Summoner began the quest for the Orb.
     0 | D:1      | Reached XP level 1. HP: 10/10 MP: 4/4
    18 | D:1      | Slain by a quokka

Illustrated notes

Levels and vault maps discovered:
D:1:      minmay_arrival_four_houses, layout_basic, st_stairs_2

Action                     || total
---------------------------++-------
  Melee: Unarmed           ||     6
         Kick              ||     2
         Peck              ||     1
   Cast: Summon Small Mamm ||     3
 Armour: Robe              ||     4
  Dodge: Dodged            ||     8
